 Dungeon Crawl Stone Soup version 0.27-a0-1416-g941b2bd30b (webtiles) character file.

Game seed: 9901920587940052291

100 Tocho the Ruffian (level 4, -2/35 HPs)
             Began as a Draconian Transmuter on July 1, 2021.
             Slain by Grinder (4 damage)
             ... on level 3 of the Dungeon.
             The game lasted 00:05:27 (2448 turns).

Tocho the Ruffian (Draconian Transmuter)            Turns: 2448, Time: 00:05:29

Health: -2/35      AC:  5    Str: 13    XL:     4   Next: 46%
Magic:  6/8        EV: 12    Int: 14    God:
Gold:   99         SH:  0    Dex: 11    Spells: 3/8 levels left

rFire    . . .     SeeInvis .     - Unarmed
rCold    . . .     Faith    .   (no shield)
rNeg     . . .     Spirit   .   (armour unavailable)
rPois    .         Reflect  .   (helmet restricted)
rElec    .         Harm     .   (no cloak)
rCorr    .         Rampage  .   (no gloves)
Will     .....                  (no boots)
Stlth    +.........             (no amulet)
HPRegen  0.11/turn              (no ring)
MPRegen  0.11/turn              (no ring)

@: wereblooded
A: AC +5, unfitting armour, cold-blooded
a: no special abilities


You were on level 3 of the Dungeon.
You visited 1 branch of the dungeon, and saw 3 of its levels.

You collected 99 gold pieces.

Inventory:

Missiles
 b - 40 stones (quivered)
Scrolls
 c - a scroll of silence {unknown}
 d - a scroll of noise {unknown}
Potions
 a - a potion of haste
 e - 2 potions of curing {unknown}
 f - 3 potions of might
 g - a potion of brilliance {unknown}
 h - a potion of mutation {unknown}


   Skills:
 + Level 1.1 Fighting
 + Level 1.1 Throwing
 + Level 2.1 Dodging
 + Level 3.8 Unarmed Combat
 + Level 2.6 Spellcasting
 + Level 0.1 Necromancy
 + Level 2.6 Transmutations
 + Level 0.4 Earth Magic


You had 3 spell levels left.
You knew the following spells:

 Your Spells              Type           Power      Damage    Failure   Level
a - Beastly Appendage     Tmut           18%        N/A       8%          1
b - Wereblood             Tmut           9%         N/A       12%         2
c - Sandblast             Erth           6%         2d5       19%         1
d - Pain                  Necr           8%         1d4       22%         1

Your spell library contained the following spells:

 Spells                   Type           Power      Damage    Failure   Level
 Passwall                 Tmut/Erth      5%         N/A       19%         2
 Animate Skeleton         Necr           4%         N/A       22%         1
 Blink                    Tloc           N/A        N/A       34%         2
 Slow                     Hex            1%         N/A       34%         2
 Spider Form              Tmut/Pois      2%         N/A       36%         3
 Vampiric Draining        Necr           1%         2d6       54%         3
 Lesser Beckoning         Tloc           0%         N/A       56%         3
 Petrify                  Tmut/Erth      6%         N/A       75%         4
 Ice Form                 Ice/Tmut       5%         N/A       78%         4
 Animate Dead             Necr           1%         N/A       91%         4
 Olgreb's Toxic Radiance  Pois           1%         N/A       92%         4
 Lee's Rapid Deconstruct  Erth           1%         3d5*      99%         5
 Manifold Assault         Tloc           1%         N/A       99%         5
 Ozocubu's Refrigeration  Ice            0%         4d5       100%        7
 Shatter                  Erth           1%         3d6*      100%        9


Dungeon Overview and Level Annotations

Branches:
Dungeon (3/15)

Altars:

Annotations:
D:3 Grinder


Innate Abilities, Weirdness & Mutations

Your plain brown scales are hard. (AC +5)
You cannot fit into any form of body armour.
You are cold-blooded and may be slowed by cold attacks.


Message History

Grinder is lightly wounded.
Grinder blinks!
Grinder gestures at you. You resist with significant effort.
You barely miss Grinder.
Grinder is lightly wounded.
Grinder hits you but does no damage.
You hit Grinder. You claw Grinder. Your headbutt misses Grinder.
Grinder is moderately wounded.
Grinder gestures at you. Pain shoots through your body!
You closely miss Grinder. You claw Grinder, but do no damage.
You headbutt Grinder!
Grinder is heavily wounded.
Grinder hits you.
You writhe in agony.
You hit Grinder but do no damage.
Grinder is heavily wounded.
Grinder hits you.
You writhe in agony.
* * * LOW HITPOINT WARNING * * *
You are too injured to fight recklessly!
You are too injured to fight recklessly!
You are too injured to fight recklessly!
You hit Grinder.
Grinder is severely wounded.
Grinder hits you but does no damage.
You barely miss Grinder.
Grinder is severely wounded.
Grinder hits you but does no damage.
You closely miss Grinder. You tail-slap Grinder.
Grinder is almost dead.
Grinder gestures at you. Pain shoots through your body!
* * * LOW HITPOINT WARNING * * *
You barely miss Grinder.
Grinder is almost dead.
Your horns disappear.
Your talons disappear.
Grinder hits you.
* * * LOW HITPOINT WARNING * * *
You writhe in agony.
You die...

#.......###+####
#.......#..........##
#.......#...........#
#....†..#...........#
#######.#...........#
#.............#
#########............#
.....................###
.......@..##+####.......
.......5...#.# #...<...
...........#.# #.......
.............# #.......
..........#..# #.......
..........#..#########..
..........#.>).......#.#
..........##########.#.#
######### #.#..


You could see Grinder.

Vanquished Creatures
  An orc wizard (D:3)
  An adder (D:2)
  3 worms (D:2)
  2 dart slugs (D:2)
  4 orcs (D:3)
  4 ball pythons (D:1)
  2 endoplasms
  A giant cockroach (D:1)
  3 goblins (D:2)
  4 hobgoblins
  4 jackals (D:2)
  3 kobolds (D:1)
  2 quokkas (D:2)
  4 bats
  3 frilled lizards
  6 rats
47 creatures vanquished.

Notes
Turn   | Place    | Note
-------+----------+-------------------------------------------
     0 | D:1      | Tocho the Draconian Transmuter began the quest for the Orb.
     0 | D:1      | Reached XP level 1. HP: 16/16 MP: 3/3
   428 | D:1      | Reached XP level 2. HP: 23/23 MP: 3/5
   434 | D:1      | Learned a level 2 spell: Wereblood
  1250 | D:2      | Learned a level 1 spell: Sandblast
  1252 | D:2      | Learned a level 1 spell: Pain
  1566 | D:2      | Reached XP level 3. HP: 26/28 MP: 3/6
  1789 | D:2      | Reached skill level 1 in Throwing
  1967 | D:2      | Found a faded altar of an unknown god.
  2367 | D:3      | Reached XP level 4. HP: 34/35 MP: 3/7
  2424 | D:3      | Noticed Grinder
  2429 | D:3      | Paralysed by Grinder for 2 turns
  2448 | D:3      | Slain by Grinder

Illustrated notes

Levels and vault maps discovered:
D:1:      dpeg_arrival_rooms_b, layout_loops_ring
D:2:      layout_loops_ring, shapermc_ecumenical_altar_venn,
          minmay_misc_feat_plants
D:3:      layout_basic, uniq_grinder

Skill      XL: |  1  2  3 |
---------------+----------+-----
Dodging        | 2 |  2.1
Throwing       | 1 |  1.1
Fighting       | |  1.1
Unarmed Combat | |  3.8
Spellcasting   | |  2.6
Necromancy     | |  0.1
Transmutations | |  2.6
Earth Magic    | |  0.4

Action                   |  1- 3 |  4- 6 || total
-------------------------+-------+-------++-------
Melee: Unarmed           |   107 |    24 ||   131
       Tailslap          |    13 |     4 ||    17
       Headbutt          |     7 |     4 ||    11
       Kick              |     9 |     5 ||    14
Throw: Stone             |    73 |       ||    73
 Cast: Beastly Appendage |    11 |     1 ||    12
       Wereblood         |     7 |     1 ||     8
       Pain              |     2 |       ||     2
       Sandblast         |     5 |       ||     5
  Use: Scroll            |     2 |       ||     2
Armor: Skin              |    46 |     3 ||    49
Dodge: Dodged            |    72 |     6 ||    78

Table legend: (Time is in decaauts)
 A = Elapsed time spent in this place.
 B = Non-inter-level travel time spent in this place.
 C = Inter-level travel time spent in this place.
 D = Time resting spent in this place.
 E = Time spent auto-exploring this place.
 F = Levels seen in this place.
 G = Mean time per level.
                   A        B        C        D        E       F      G
               +--------+--------+--------+--------+--------+-----+--------+
         Total |   2445 |   2371 |     74 |     12 |   1893 |   3 |  815.0 |
       Dungeon |   2445 |   2371 |     74 |     12 |   1893 |   3 |  815.0 |
               +--------+--------+--------+--------+--------+-----+--------+

Top non-repeatable levels by time:
     D:2: 1271 daAuts
     D:1: 1014 daAuts
     D:3: 159 daAuts
